 Dungeon Sprint DCSS version 0.23-a0-650-ga4d50d4 (webtiles) character file.

2396 Leeroy the Barachian Blade (level 9, -14/57 HPs)
             Began as a Barachi Ice Elementalist on Jan 4, 2019.
             Was a High Priest of Qazlal.
             Demolished by Ticraet the pandemonium lord (27 damage)
             ... in the Dungeon (Sprint V: "Ziggurat Sprint").
             The game lasted 00:06:14 (226 turns).

Leeroy the Barachian Blade (BaIE)                    Turns: 226, Time: 00:06:14

Health: -14/57     AC: 28    Str: 21    XL:     9   Next: 46%
Magic:  12/12      EV: -4    Int: 20    God:    Qazlal [*****.]
Gold:   0          SH: 32    Dex: 12    Spells: 1/12 levels left

rFire    . . .     SeeInvis .   H - +7 Screaming Sword {slice, sonic wave}
rCold    . . .     Gourm    .   L - +18 shield of the Gong {rElec rN+ MR+ EV-5}
rNeg     + . .     Faith    .   K - +15 Maxwell's patent armour {-Cast -Tele rElec MR+ rCorr}
rPois    .         Spirit   .   (no helmet)
rElec    +         Reflect  .   (no cloak)
rCorr    +         Harm     .   (no gloves)
MR       ++...     NoTele   +   (no boots) Stlth ..........NoCast +
                                (no amulet)
HPRegen  0.19/turn              y - +6 ring of strength
MPRegen  0.13/turn              z - +6 ring of strength

@: protected from physical damage, constricted, heavily drained, repel missiles,
slow
A: +LOS, swims, slowness 1, strong legs 1
a: Hop, Upheaval, Elemental Force, Disaster Area, Renounce Religion


You were in the Dungeon.
You worshipped Qazlal.
Qazlal was extremely pleased with you.
You were not hungry.

You visited 1 branch

Inventory:

Hand Weapons
 l - the cursed +3 dagger of Ycotz {pierce, rC+ Str+4 Dex+4}
   (You found it in the Dungeon)

   It inflicts extra damage upon your enemies.
   It affects your strength (+4).
   It affects your dexterity (+4).
   It protects you from cold.
   It has a curse placed upon it.
 H - the +7 Screaming Sword (weapon) {slice, sonic wave}
   (You found it in the Dungeon)

   It inflicts extra damage upon your enemies.
 I - the +11 plutonium sword {*Contam Stlth-}
   (You found it in the Dungeon)

   It causes magical contamination when unequipped.
   It makes you less stealthy.
 J - the +9 sword of Zonguldrok {reap}
   (You found it in the Dungeon)

   If a monster killed with it leaves a corpse in good enough shape, the corpse
   will be animated as a zombie friendly to the killer.
 M - a +5 demon blade
 N - a +5 triple sword
Armour
 a - a +0 robe
 K - the +15 Maxwell's patent armour (worn) {-Cast -Tele rElec MR+ rCorr}
   (You found it in the Dungeon)

   It insulates you from electricity.
   It affects your resistance to hostile enchantments.
   It prevents spellcasting.
   It prevents most forms of teleportation.
   It provides partial protection from all sources of acid and corrosion.
 L - the +18 shield of the Gong (worn) {rElec rN+ MR+ EV-5}
   (You found it in the Dungeon)

   It affects your evasion (-5).
   It insulates you from electricity.
   It protects you from negative energy.
   It affects your resistance to hostile enchantments.
 O - +5 fire dragon scales
 P - +5 ice dragon scales
 Q - the cursed +0 leather armour "Sikex" {rF++ rC+ Regen+ Dex+3}
   (You found it in the Dungeon)

   It affects your dexterity (+3).
   It greatly protects you from fire.
   It protects you from cold.
   It increases your rate of regeneration.
   It has a curse placed upon it.
Magical Staves
 D - an uncursed staff of energy
Jewellery
 u - a +6 ring of dexterity
 v - a +6 ring of dexterity
 w - a +6 ring of intelligence
 x - a +6 ring of intelligence
 y - a +6 ring of strength (left hand)
 z - a +6 ring of strength (right hand)
 F - an uncursed ring of flight
 S - an uncursed ring of ice
Wands
 A - a wand of disintegration (7)
 B - a wand of iceblast (7)
 C - a wand of acid (7)
Scrolls
 i - 4 scrolls of blinking
 o - 4 scrolls of amnesia
 p - 7 scrolls of fog
 r - 5 scrolls of identify
 s - 5 scrolls of remove curse
 t - 2 scrolls of fear
 V - a scroll of brand weapon
Potions
 b - 2 potions of brilliance
 d - 10 potions of curing
 e - 4 potions of heal wounds
 f - 6 potions of haste
 g - 7 potions of magic
 h - 3 potions of berserk rage
 j - 2 potions of invisibility
 k - 4 potions of resistance
 m - 5 potions of agility
 n - 5 potions of might
Miscellaneous
 E - a crystal ball of energy
 G - a lightning rod (4/4)
 R - a phial of floods
 U - a fan of gales
Comestibles
 c - 7 rations
 T - 4 chunks of flesh


   Skills:
 + Level 21.4(19.6) Long Blades
 - Level 2.1(1.0) Dodging
 - Level 1.7(0.6) Stealth
 - Level 2.1(1.0) Spellcasting
 - Level 4.2(3.0) Conjurations
 - Level 3.6(2.4) Ice Magic
 * Level 4.3(3.1) Invocations


You had one spell level left.
You knew the following spells:

 Your Spells              Type           Power        Failure   Level  Hunger
a - Freeze                Ice            ##..         100%        1    ##.....
b - Throw Icicle          Conj/Ice       ##......     100%        4    #####..
c - Summon Ice Beast      Ice/Summ       #.......     100%        4    #####..
d - Blink                 Tloc           N/A          100%        2    ###....

Your spell library contained the following spells:

 Spells                   Type           Power        Failure   Level  Hunger
 Flame Tongue             Conj/Fire      #....        100%        1    ##.....
 Shroud of Golubria       Chrm/Tloc      #.........   100%        2    ###....
 Throw Frost              Conj/Ice       ##....       100%        2    ###....
 Gell's Gravitas          Tloc           #.........   100%        3    ####...
 Lesser Beckoning         Tloc           #.........   100%        3    ####...
 Ozocubu's Armour         Chrm/Ice       #.......     100%        3    ####...
 Teleport Other           Tloc           #.......     100%        3    ####...
 Cause Fear               Hex            #.........   100%        4    #####..
 Passage of Golubria      Tloc           N/A          100%        4    #####..
 Bolt of Fire             Conj/Fire      #.........   100%        6    #######
 Dragon Form              Tmut           #.........   100%        7    #######
 Malign Gateway           Summ/Tloc      #.........   100%        7    #######
 Monstrous Menagerie      Summ           #.........   100%        7    #######
 Summon Greater Demon     Summ           #.........   100%        7    #######
 Summon Horrible Things   Summ           #.........   100%        8    #######
 Dragon's Call            Summ           #.........   100%        9    #######


Dungeon Overview and Level Annotations

Branches:
Dungeon (1/1)

Altars:
Ashenzari
Cheibriados
Dithmenos
Elyvilon
Fedhas
Gozag
Hepliaklqana
Kikubaaqudgha
Makhleb
Nemelex Xobeh
Okawaru
Qazlal
Ru
Sif Muna
Trog
Uskayaw
Vehumet
Wu Jian
Xom
Yredelemnul
Zin
The Shining One
Beogh
Jiyva
Lugonu

Annotations:
D 1 transporter


Innate Abilities, Weirdness & Mutations

Shadows flee at your approach. (+LOS)
You can swim through water.
You cover ground slowly.
You can hop short distances.


Message History

Unknown command.
Unknown command.
Unknown command.
Unknown command.
Unknown command.
You slash Ticraet!
Ticraet is severely wounded.
Tabod is no longer dazed.
Ticraet is struck by lightning.
Ticraet sneers, "Thy skull shall be my snack!"
Ticraet hits you!
* * * LOW HITPOINT WARNING * * *
You partially resist.
You feel drained.
* * * LOW HITPOINT WARNING * * *
You block Tabod's attack.
BONNNG!
You block the tentacled monstrosity's attack.
PANG!
The tentacled monstrosity tentacle-slaps you but does no damage. x5
Ticraet hits you!!
You die...

▓...)....▓...))...▓
▓...)....▓..).....▓
▓...))...▓...[....▓
▓........▓.▓)÷..▓.▓
▓...©....▓...©....▓
▓▓▓▓▓▓▓▓▓▓▓▓▓▓▓▓▓▓▓
▓..8©8..▓ ▓..=2)..▓
▓.X@X1..▓ ▓.X&&X..▓
▓☼.3X...▓ ▓..X....▓
▓.......▓ ▓.......▓
▓...©...▓ ▓▓▓▓▓▓▓▓▓


You could see Tabod, Ticraet (dazed), 3 tentacled monstrosities, an Ice Fiend, a
balrug, a sun demon and 3 large abominations.

Vanquished Creatures
  A two-headed ogre (D)
  A cyclops (D)
  An orange demon (D)
  A troll (D)
  A jumping spider (D)
  A golden eye (D)
  2 ogres (D)
  3 scorpions (D)
  A crimson imp (D)
  2 jellies (D)
  3 orc priests (D)
  An iron imp (D)
  2 mummies (D)
  An orc (D)
21 creatures vanquished.

Notes
Turn   | Place    | Note
-------+----------+-------------------------------------------
     0 | D        | Found the +6 Majin-Bo {vamp, Archmagi MP+6 Int+6}
     0 | D        | Found the +7 great mace "Firestarter" {inner flame, rF++}
     0 | D        | Leeroy the Barachi Ice Elementalist began the quest for the
                  | Orb.
     0 | D        | Reached XP level 1. HP: 13/13 MP: 3/3
     0 | D        | Found a transporter.
     0 | D        | Found an ancient bone altar of Kikubaaqudgha.
     0 | D        | Found a viscous altar of Jiyva.
     0 | D        | Found a corrupted altar of Lugonu.
     0 | D        | Found a hazy altar of Hepliaklqana.
     0 | D        | Found a burning altar of Makhleb.
     0 | D        | Found an opulent altar of Gozag.
    22 | D        | Found the +6 shillelagh "Devastator" {shatter}
    22 | D        | Found the +11 plutonium sword {*Contam Stlth-}
    22 | D        | Found the +8 lance "Wyrmbane" {slay drac, rPois rF+ rC+
                  | AC+3}
    22 | D        | Found the +9 sword of Zonguldrok {reap}
    22 | D        | Found the cursed +13 scythe of Curses {drain, *Curse}
    22 | D        | Found the +0 sword of Power
    22 | D        | Found the +7 mace of Variability {chain chaos}
    22 | D        | Found the +7 Singing Sword {slice, sonic wave}
    22 | D        | Found the +7 longbow "Piercer" {penet, EV-2}
    24 | D        | Found the +9 heavy crossbow "Sniper" {velocity, Acc+∞ SInv}
    24 | D        | Found the +10 dark maul {crush}
    24 | D        | Found the +15 Maxwell's patent armour {-Cast -Tele rElec
                  | MR+ rCorr}
    24 | D        | Found the +18 shield of the Gong {rElec rN+ MR+ EV-5}
    24 | D        | Found the cursed +14 obsidian axe {chop, +Fly SInv *Curse}
    60 | D        | Reached skill level 8 in Long Blades
    60 | D        | Reached XP level 2. HP: 19/19 MP: 5/5
    70 | D        | Became a worshipper of Qazlal Stormbringer
    78 | D        | Entered arena 2.
    78 | D        | Found a transporter.
    82 | D        | Reached skill level 9 in Long Blades
    82 | D        | Reached skill level 1 in Invocations
    85 | D        | Reached XP level 3. HP: 24/24 MP: 6/6
    93 | D        | Entered arena 3.
    93 | D        | Noticed a golden eye
    93 | D        | Found a transporter.
   100 | D        | Killed a golden eye
   100 | D        | Reached * piety under Qazlal
   100 | D        | Reached skill level 13 in Long Blades
   100 | D        | Reached XP level 4. HP: 30/30 MP: 7/7
   100 | D        | Reached XP level 5. HP: 35/35 MP: 8/8
   104 | D        | Reached skill level 14 in Long Blades
   104 | D        | Reached XP level 6. HP: 38/41 MP: 9/9
   110 | D        | Got the cursed +3 dagger of Ycotz {pierce, rC+ Str+4 Dex+4}
   113 | D        | Got the cursed +0 leather armour "Sikex" {rF++ rC+ Regen+
                  | Dex+3}
   115 | D        | Entered arena 4.
   115 | D        | Noticed a jumping spider
   115 | D        | Found a transporter.
   117 | D        | Reached ** piety under Qazlal
   120 | D        | Reached skill level 15 in Long Blades
   129 | D        | Killed a jumping spider
   129 | D        | Reached skill level 17 in Long Blades
   129 | D        | Reached XP level 7. HP: 40/46 MP: 10/10
   140 | D        | Entered arena 5.
   140 | D        | Found a transporter.
   141 | D        | Reached *** piety under Qazlal
   162 | D        | Learned a level 4 spell: Throw Icicle
   167 | D        | Learned a level 4 spell: Summon Ice Beast
   172 | D        | Entered arena 6.
   172 | D        | Noticed a two-headed ogre
   172 | D        | Noticed a troll
   172 | D        | Noticed a cyclops
   172 | D        | Found a transporter.
   174 | D        | Reached **** piety under Qazlal
   174 | D        | Reached skill level 18 in Long Blades
   175 | D        | Reached XP level 8. HP: 39/52 MP: 11/11
   175 | D        | Killed a troll
   175 | D        | Reached skill level 19 in Long Blades
   179 | D        | Killed a two-headed ogre
   179 | D        | Reached skill level 20 in Long Blades
   179 | D        | Reached XP level 9. HP: 29/57 MP: 12/12
   183 | D        | Killed a cyclops
   183 | D        | Reached skill level 21 in Long Blades
   202 | D        | Learned a level 2 spell: Blink
   203 | D        | Entered arena 7.
   203 | D        | Noticed an orange demon
   203 | D        | Noticed Ticraet the pandemonium lord
   203 | D        | Noticed a sun demon
   203 | D        | Noticed Tabod the pandemonium lord
   203 | D        | Found a transporter.
   205 | D        | Reached ***** piety under Qazlal
   211 | D        | Noticed a tentacled monstrosity
   211 | D        | Noticed a tentacled monstrosity
   211 | D        | Noticed a large abomination
   212 | D        | Killed an orange demon
   218 | D        | Noticed a balrug
   220 | D        | Noticed an Ice Fiend
   224 | D        | Noticed a large abomination
   224 | D        | Noticed a large abomination
   224 | D        | Noticed a tentacled monstrosity
   226 | D        | Demolished by Ticraet the pandemonium lord

Vault maps used:
D:        sprint_v

Skill      XL: |  1  2  3  4  5  6  7  8  9 |
---------------+----------------------------+-----
Long Blades    | 8 9 13 14 17 18 20 21 | 21.4
Invocations    | 1 4 |  4.3
Conjurations   | 3 4 |  4.2
Dodging        | |  2.1
Stealth        | |  1.7
Spellcasting   | |  2.1
Ice Magic      | |  3.6

Action                   |  1- 3 |  4- 6 |  7- 9 || total
-------------------------+-------+-------+-------++-------
Melee: Demon blade       |     7 |    14 |     4 ||    25
       Double sword      |       |       |    18 ||    18
 Abil: Hop               |       |       |     1 ||     1
Evoke: Lightning rod     |       |     2 |     5 ||     7
  Use: Potion            |     1 |       |     6 ||     7
       Scroll            |       |       |     1 ||     1
Armor: Plate armour      |     4 |     4 |    19 ||    27
Dodge: Dodged            |       |       |     3 ||     3
Block: Shield            |     3 |    14 |    51 ||    68

Table legend:
 A = Non-vault XP
 B = Vault XP
 C = Vault XP percentage of total XP
 D = Non-vault monster count
 E = Vault monster count
 F = Vault count percentage of total count
                 A         B        C        D         E       F
            +---------+---------+-------+---------+---------+-------
      Total |       0 |    3414 | 100.0 |       0 |      21 | 100.0
            +---------+---------+-------+---------+---------+-------
          D |       0 |    3414 | 100.0 |       0 |      21 | 100.0
            +---------+---------+-------+---------+---------+-------
